Map: Ley Lines

Players

Akira

  • Race: Zerg Zerg
  • League: Master
  • Spawn Location: 7:00

ManlyManMeat - Winner!

  • Race: Protoss Protoss
  • Spawn Location: 1:00

VOD

Have the link to the VOD?

Description

Time

  • Played on: May 14, 2025, 9:50 a.m.
  • Length: 11:17
Show
View Real Time Build Order
Export as new Build Order

Akira Zerg 

Build Orders: Hatch First 

Get SALT Encoding   

  12  0:01  Drone  
  13  0:10  Drone  
  14  0:16  Extractor  
  14  0:20  Overlord  
  14  0:44  Drone x2  
  14  0:45  Drone  
  17  0:56  Drone  
  18  0:58  Hatchery  
  17  1:07  Drone  
  18  1:24  Spawning Pool  
  17  1:26  Drone  
  18  1:33  Drone  
  18  1:38  Drone  
  20  1:45  Extractor  
  19  1:50  Overlord  
  19  2:00  Drone  
  20  2:11  Drone x2  
  20  2:13  Queen x2  
  26  2:23  Drone x2  
  28  2:32  Drone  
  28  2:33  Drone  
  30  2:42  Overlord  
  30  2:45  Drone  
  31  2:58  Drone x2  
  33  3:00  Queen, Lair  
  33  3:04  Drone  
  33  3:05  Drone  
  37  3:16  Drone x2  
  39  3:30  Roach Warren  
  38  3:34  Evolution Chamber  
  38  3:35  Drone x2  
  38  3:36  Drone x4  
  38  3:37  Drone, Evolution Chamber  
  38  3:39  Overlord  
  43  3:49  Drone  
  43  3:52  Extractor  
  43  3:54  Extractor  
  42  3:57  Drone x2  
  42  4:00  Overlord  
  44  4:08  Hatchery  
  43  4:18  Drone x2  
  43  4:19  Drone  
  46  4:28  Drone  
  47  4:40  Roach  
  47  4:41  Roach x5  
  47  4:42  Drone  
  47  4:44  Overlord x2  
  60  4:59  Zerg Missile Weapons Level 1, Glial Reconstitution  
  60  5:19  Queen  
  62  5:25  Drone x5  
  62  5:26  Drone x4  
  62  5:27  Drone x3  
  74  5:31  Drone  
  74  5:32  Drone  
  76  5:48  Drone x3  
  79  5:53  Drone  
  80  6:14  Drone  
  80  6:15  Drone  
  80  6:17  Overlord x5  
  82  6:23  Extractor  
  81  6:26  Extractor  
  81  6:29  Drone x2  
  82  6:40  Hatchery  
  81  6:48  Drone  
  81  6:49  Drone  
  81  6:52  Hydralisk Den  
  82  7:12  Extractor  
  82  7:14  Infestation Pit  
  80  7:16  Drone  
  80  7:17  Drone x3  
  80  7:18  Drone x3  
  87  7:26  Overlord x5  
  87  7:27  Overlord  
  87  7:59  Hydralisk x19  
  125  8:29  Hydralisk x3  
  125  8:30  Hydralisk x13  
  137  8:45  Hydralisk x6  
  97  9:06  Hydralisk x4, Extractor  
  97  9:07  Roach x2  
  97  9:08  Extractor, Roach x2  
  111  9:12  Roach  
  111  9:13  Roach  
  109  9:24  Roach x7  
  97  9:37  Roach x5  
  85  9:49  Drone x9  
  86  9:55  Swarm Host  
  81  10:04  Roach  
  81  10:05  Roach x2  
  68  10:13  Roach  
  68  10:14  Roach  
  61  10:23  Swarm Host  
  56  10:35  Roach x2  
  56  10:36  Roach x6  
  56  10:39  Hatchery  
  58  10:45  Roach x3  
  58  10:49  Hatchery  
Show
View Real Time Build Order
Export as new Build Order

ManlyManMeat Protoss - Winner!

Build Orders: 1 Gate Expand 

Get SALT Encoding   

  12  0:00  Probe  
  13  0:12  Probe  
  14  0:19  Pylon  
  14  0:20  Probe  
  15  0:35  Probe  
  15  0:40  Gateway  
  16  0:47  Probe  
  16  0:48  Assimilator  
  17  0:59  Probe  
  19  1:11  Probe  
  19  1:27  Nexus  
  19  1:42  Forge  
  19  1:45  Probe  
  20  1:55  Pylon  
  20  1:57  Assimilator  
  20  2:08  Probe  
  21  2:20  Probe  
  21  2:21  Cybernetics Core  
  22  2:28  Protoss Ground Weapons Level 1  
  22  2:32  Gateway  
  22  2:37  Zealot  
  22  2:41  Probe  
  24  2:46  Probe  
  24  2:49  Probe  
  26  3:01  Stalker  
  28  3:08  Robotics Facility, Probe  
  28  3:10  Probe  
  30  3:16  Probe  
  30  3:18  Warp Gate  
  30  3:22  Probe  
  30  3:26  Probe  
  33  3:35  Pylon  
  33  3:38  Probe, Gateway  
  34  3:41  Probe  
  34  3:45  Gateway  
  34  3:46  Probe  
  35  3:49  Stalker  
  38  3:56  Observer  
  38  3:59  Probe  
  40  4:04  Probe  
  41  4:11  Probe  
  41  4:16  Stalker  
  41  4:17  Probe  
  43  4:20  Immortal  
  49  4:30  Robotics Bay  
  49  4:32  Stalker  
  49  4:36  Probe  
  51  4:39  Pylon  
  51  4:40  Assimilator  
  51  4:41  Probe  
  51  4:42  Assimilator  
  53  4:47  Observer  
  53  5:12  Stalker  
  53  5:13  Stalker  
  53  5:14  Immortal  
  57  5:18  Pylon  
  57  5:19  Extended Thermal Lance  
  57  5:21  Pylon  
  61  5:22  Probe  
  62  5:35  Probe  
  62  5:36  Probe  
  62  5:39  Zealot x4  
  72  5:43  Probe  
  72  5:47  Pylon  
  72  5:49  Pylon  
  73  6:01  Probe  
  74  6:04  Robotics Facility  
  74  6:05  Forge  
  74  6:08  Protoss Shields Level 1  
  74  6:13  Probe  
  74  6:16  Pylon  
  75  6:18  Pylon  
  75  6:23  Colossus  
  75  6:24  Twilight Council  
  75  6:26  Probe x2  
  83  6:41  Protoss Ground Armor Level 1  
  83  7:00  Charge  
  83  7:04  Colossus  
  89  7:15  Observer  
  89  7:18  Colossus  
  89  7:19  Zealot x2  
  89  7:20  Zealot  
  95  7:23  Nexus  
  101  7:53  Zealot  
  101  7:54  Zealot x3  
  109  7:59  Pylon  
  109  8:03  Pylon  
  109  8:17  Warp Prism  
  101  8:34  Zealot x4  
  93  8:42  Protoss Ground Weapons Level 2  
  81  8:57  Observer  
  81  8:59  Colossus x2  
  93  9:24  Zealot x4  
  93  9:31  Probe x2  
  101  9:32  Probe  
  102  9:43  Probe x2  
  102  9:44  Probe  
  97  9:53  Stalker x3, Colossus x2  
  97  9:54  Stalker  
  97  9:55  Probe  
  97  9:56  Probe  
  109  10:30  Zealot x4  
  123  10:51  Zealot x4  
Tags
 
Add a new tag
Caveats
  • Supply blocks, unpowered buildings, or Contaminate may cause inaccurate times.
  • Supply counts are checked every 10 seconds.